 Dungeon Crawl Stone Soup version 0.31.0-1-g2c135a008e (webtiles) character file.

Game seed: 1009023340850530874

50 qw the Shooter (level 4, -9/34 HPs)
             Began as a Djinni Hunter on Jan 24, 2024.
             Mangled by a gnoll
             ... wielding a +0 flail
              (11 damage)
             ... on level 2 of the Dungeon.
             The game lasted 00:00:05 (899 turns).

qw the Shooter (Djinni Hunter)                       Turns: 899, Time: 00:00:05

Health: -9/34      AC:  6    Str: 10    XL:     4   Next: 4%
Gold:   46         EV: 11    Int: 11    God:
                   SH:  0    Dex: 18

rFire   + + .        a - +0 shortbow
rCold   x . .        (shield currently unavailable)
rNeg    . . .        d - +0 ring mail
rPois   inf          (no helmet)
rElec   .            h - +0 cloak
rCorr   .            (no gloves)
SInv    .            (boots unavailable)
Will    .....        (no amulet)
Stlth   +            (no ring)
HPRegen 0.25/turn    (no ring)
MPRegen 0.00/turn

%: infuse magic (-10 HP)
@: flying
A: sickness immunity, fire resistance 2, cold vulnerability 1, float, innate
caster, HP casting, extra vitality 1
a: no special abilities


You were on level 2 of the Dungeon.
You visited 1 branch of the dungeon, and saw 2 of its levels.

You collected 46 gold pieces.


Innate Abilities, Weirdness & Mutations

You are immune to sickness and miasma.
You are immune to poison.
Your flesh is very heat resistant. (rF++)
You are vulnerable to cold. (rC-)
You float through the air rather than walking.
You learn spells naturally, not from books.
Your magical power is your life essence.
You have superior vitality. (+4 MHP)


   Skills:
 + Level 2.5 Fighting
 - Level 4.0 Ranged Weapons
 - Level 1.0 Armour
 - Level 2.1 Dodging
 - Level 0.7 Stealth


You knew the following spells:

 Your Spells              Type           Power      Damage    Failure   Level
a - Magic Dart            Conj           0%         1d3       65%         1
Your spell library was empty.

Inventory:

Hand Weapons
 a - a +0 shortbow (weapon)
Armour
 d - a +0 ring mail (worn)
 h - a +0 cloak (worn)
Scrolls
 c - 3 scrolls of identify {unknown}
Potions
 b - a potion of heal wounds {unknown}
 f - a potion of ambrosia {unknown}
 g - a potion of brilliance {unknown}

Dungeon Overview and Level Annotations

Branches:
Dungeon (2/15)

Altars:


Message History

The kobold hits you but does no damage.
You shoot an arrow. The arrow hits the kobold!
You kill the kobold!
The gnoll closely misses you.
You shoot an arrow. The arrow hits the gnoll.
The gnoll is lightly wounded.
The gnoll barely misses you.
A ribbon worm comes into view.
You shoot an arrow. The arrow barely misses the gnoll.
The arrow hits the ribbon worm!
The ribbon worm is heavily wounded.
The gnoll closely misses you.
You shoot an arrow. The arrow hits the gnoll.
The gnoll is moderately wounded.
The gnoll hits you with a +0 flail! The gnoll closely misses you.
You shoot an arrow. The arrow closely misses the gnoll.
The arrow hits the ribbon worm.
The ribbon worm is heavily wounded.
The gnoll misses you.
You shoot an arrow. The arrow hits the gnoll.
The gnoll is heavily wounded.
The gnoll barely misses you.
You shoot an arrow. The arrow barely misses the gnoll.
The arrow hits the ribbon worm.
The ribbon worm is heavily wounded.
The gnoll hits you with a +0 flail! x2
You shoot an arrow. The arrow barely misses the gnoll.
The arrow hits the ribbon worm.
The ribbon worm is severely wounded.
The gnoll hits you with a +0 flail.
You shoot an arrow. The arrow completely misses the gnoll.
The gnoll closely misses you.
The ribbon worm expels a string of sticky webbing.
The stream of webbing hits you but does no damage.
You are caught in a web!
The web tears apart.
The gnoll hits you with a +0 flail.
You shoot an arrow. The arrow closely misses the gnoll.
The gnoll hits you with a +0 flail!
You die...

#### ....#######
..........##########
..........##.......#
..........##.......#
..[.......##.......#+#
........##.........)..
........##.#..@[......
........##.#..wg......
........##.#..........
........##.#..........
........##.#######.#.#
....).............>...
........##.####### ...
........##.....# ..
##########.....#


You could see a ribbon worm (catching breath) and a gnoll.

Vanquished Creatures
  A gnoll (D:2)
  2 dart slugs (D:1)
  4 ball pythons (D:1)
  A bat (D:1)
  2 endoplasms (D:1)
  5 goblins
  4 hobgoblins (D:1)
  A jackal (D:1)
  A quokka (D:1)
  4 frilled lizards
  2 kobolds
  7 rats
  A spectral hobgoblin (D:1)
35 creatures vanquished.

Notes
Turn   | Place    | Note
-------+----------+-------------------------------------------
     0 | D:1      | qw the Djinni Hunter began the quest for the Orb.
     0 | D:1      | Reached XP level 1. HP: 18/18 MP: 0/0
     0 | D:1      | 0 ||| qw: Version: 0.3-a-136-gdd3b4e8
     0 | D:1      | 0 ||| qw: Game counter: 1288
     0 | D:1      | 0 ||| qw: Melee chars always use a shield: true
     0 | D:1      | 0 ||| qw: God list: Okawaru
     0 | D:1      | 0 ||| qw: Allow faded altars: false
     0 | D:1      | 0 ||| qw: Do Orc after clearing Dungeon:15 true
     0 | D:1      | 0 ||| qw: Do second Lair branch before Depths: true
     0 | D:1      | 0 ||| qw: Lair rune preference: random
     0 | D:1      | 0 ||| qw: Goals: Normal
     0 | D:1      | 0 ||| PLANNING D:1-11
    53 | D:1      | Reached XP level 2. HP: 23/23 MP: 0/0
   133 | D:1      | Found a faded altar of an unknown god.
   314 | D:1      | Reached XP level 3. HP: 28/28 MP: 0/0
   314 | D:1      | Learned a level 1 spell: Magic Dart
   317 | D:1      | Reached skill level 4 in Ranged Weapons
   392 | D:1      | 392 ||| UPGRADING to +0 ring mail.
   402 | D:1      | 402 ||| DROPPING +0 leather armour.
   403 | D:1      | 403 ||| UPGRADING to +0 cloak.
   408 | D:1      | 408 ||| READING scroll labelled DAAQ CIYSAZALIURPH.
   409 | D:1      | 409 ||| DRINKING 2 viscous amethyst potions.
   447 | D:1      | 447 ||| DROPPING scroll of butterflies.
   448 | D:1      | 448 ||| DROPPING potion of lignification.
   653 | D:1      | 653 ||| READING scroll labelled SACOUXK BUHA.
   656 | D:1      | 656 ||| READING scroll labelled HYCRE NIHEAPLU.
   657 | D:1      | 657 ||| READING scroll labelled KOXTECZIXAS.
   793 | D:2      | Reached skill level 1 in Armour
   849 | D:2      | Reached XP level 4. HP: 34/34 MP: 0/0
   895 | D:2      | HP: 7/34 [gnoll/+0 flail (10)]
   896 | D:2      | HP: 3/34 [gnoll/+0 flail (4)]
   899 | D:2      | Mangled by a gnoll

Levels and vault maps discovered:
D:1:      wander_arrival_estate, layout_rooms,
          dreamdust_ecumenical_altar_drowned_temple, hangedman_glass_teeth,
          minmay_heptomino_o4
D:2:      minmay_evil_eye, layout_basic, uniq_jessica

Skill      XL: |  1  2  3 |
---------------+----------+-----
Ranged Weapons | 4 |  4.0
Armour         | 1 |  1.0
Fighting       | |  2.5
Dodging        | |  2.1
Stealth        | |  0.7

Action                     |  1- 3 |  4- 6 || total
---------------------------+-------+-------++-------
   Fire: Shortbow          |    75 |    16 ||    91
    Use: Scroll            |     4 |       ||     4
         Potion            |     1 |       ||     1
 Armour: Leather armour    |     3 |       ||     3
         Ring mail         |     4 |     7 ||    11
  Dodge: Dodged            |    15 |     7 ||    22

Table legend:
 A = Non-vault XP
 B = Vault XP
 C = Vault XP percentage of total XP
 D = Non-vault monster count
 E = Vault monster count
 F = Vault count percentage of total count
                 A         B        C        D         E       F
            +---------+---------+-------+---------+---------+-------
      Total |      57 |      15 |  20.8 |      24 |      11 |  31.4
            +---------+---------+-------+---------+---------+-------
        D:1 |      37 |      11 |  22.9 |      19 |       8 |  29.6
        D:2 |      20 |       4 |  16.7 |       5 |       3 |  37.5
            +---------+---------+-------+---------+---------+-------
